 Dungeon Crawl Stone Soup version 0.29-a0-103-g37f86683bf (webtiles) character file.

Game seed: 18062114257882887770

7 Hubjo the Sneak (level 1, 0/14 HPs)
             Began as a Vampire Enchanter on Feb 15, 2022.
             Slain by a quokka (5 damage)
             ... on level 1 of the Dungeon.
             The game lasted 00:00:16 (140 turns).

Hubjo the Sneak (Vampire Enchanter)                  Turns: 140, Time: 00:00:17

Health: 0/14       AC:  2    Str:  7    XL:     1   Next: 91%
Magic:  3/3        EV: 12    Int: 17    God:
Gold:   25         SH:  0    Dex: 14    Spells: 4/4 levels left

rFire   . . .      SeeInvis +   a - +1 dagger
rCold   . . .      Faith    .   (no shield)
rNeg    . . .      Spirit   .   b - +0 robe
rPois   .          Reflect  .   (no helmet)
rElec   .          Harm     .   (no cloak)
rCorr   .          Rampage  .   (no gloves)
Will    .....                   (no boots)
Stlth   +++.......              (no amulet)
HPRegen 0.24/turn               (no ring)
MPRegen 0.08/turn               (no ring)

@: healing quickly
A: alive, fangs 3, see invisible, vampiric 1
a: Exsanguinate


You were on level 1 of the Dungeon.
You visited 1 branch of the dungeon, and saw 1 of its levels.

You collected 25 gold pieces.

Inventory:

Hand Weapons
 a - a +1 dagger (weapon)
Armour
 b - a +0 robe (worn)
Scrolls
 e - a scroll of fog {unknown}
Potions
 c - a potion of invisibility
 d - a potion of curing {unknown}
 f - a potion of berserk rage {unknown}
 g - a potion of might {unknown}


   Skills:
 * Level 0.5 Fighting
 + Level 1.2 Short Blades
 + Level 2.3 Dodging
 * Level 4.7 Stealth
 - Level 2.0 Spellcasting
 + Level 4.5 Hexes


You had 4 spell levels left.
You didn't know any spells.
Your spell library contained the following spells:

 Spells                   Type           Power      Damage    Failure   Level
 Confusing Touch          Hex            17%        N/A       9%          3
 Tukima's Dance           Hex            17%        N/A       9%          3
 Ensorcelled Hibernation  Hex/Ice        18%        N/A       12%         2
 Dazzling Flash           Conj/Hex       18%        N/A       22%         3


Dungeon Overview and Level Annotations

Branches:
Dungeon (1/15)

Altars:


Innate Abilities, Weirdness & Mutations

Your natural rate of healing is accelerated.
You have razor-sharp teeth.
You have supernaturally acute eyesight. (SInv)
You are afflicted with vampirism.


Message History

No target in view!
No target in view!
No target in view!
No target in view!
No target in view!
No target in view!
No target in view!
No target in view!
No target in view!
No target in view!
No target in view!
No target in view!
No target in view!
No target in view!
No target in view!
No target in view!
No target in view!
No target in view!
An endoplasm and a bat come into view.
There are monsters nearby!
There are monsters nearby!
There are monsters nearby!
A quokka comes into view.
Found a hand axe.
A bat comes into view.
The quokka closely misses you.
You see here a scroll labelled IBIATE OLURURCH.
You hit the quokka. You bite the quokka.
The quokka is moderately wounded.
The endoplasm quivers.
The quokka bites you.
You closely miss the quokka.
The quokka is moderately wounded.
The bat closely misses you. The quokka bites you.
You completely miss the quokka.
The quokka is moderately wounded.
The quokka bites you. The endoplasm freezes you.
You are frozen.
The bat barely misses you. The quokka bites you.
You die...

## #....b.... .#
#..)...... ..
######......... ..
............... ..
............. ..
......$.... ..
#.Jr...... ## #.
#.@.....# ..
##.####.b[....# ##
............#.# ..
##.####.......# ..
#.####.......# ..
#............# ..
######............#
..
#..................#
.#
#####...........!..#


You could see an endoplasm, a quokka and 2 bats.

Vanquished Creatures
  2 giant cockroaches (D:1)
  3 quokkas (D:1)
  A rat (D:1)
6 creatures vanquished.

Notes
Turn   | Place    | Note
-------+----------+-------------------------------------------
     0 | D:1      | Hubjo the Vampire Enchanter began the quest for the Orb.
     0 | D:1      | Reached XP level 1. HP: 13/13 MP: 3/3
   140 | D:1      | Slain by a quokka

Illustrated notes

Levels and vault maps discovered:
D:1:      matt_arrival_grand_opening, layout_rooms

Action                   || total
-------------------------++-------
Melee: Dagger            ||    23
       Bite              ||     2
 Stab: Sleeping          ||     3
Armor: Robe              ||     5
Dodge: Dodged            ||    11

Table legend: (Time is in decaauts)
 A = Elapsed time spent in this place.
 B = Non-inter-level travel time spent in this place.
 C = Inter-level travel time spent in this place.
 D = Time resting spent in this place.
 E = Time spent auto-exploring this place.
 F = Levels seen in this place.
 G = Mean time per level.
                   A        B        C        D        E       F      G
               +--------+--------+--------+--------+--------+-----+--------+
         Total |    138 |    138 |      0 |      0 |     80 |   1 |  138.0 |
       Dungeon |    138 |    138 |      0 |      0 |     80 |   1 |  138.0 |
               +--------+--------+--------+--------+--------+-----+--------+

Top non-repeatable levels by time:
     D:1: 138 daAuts
